 Dungeon Crawl Stone Soup version 0.31.0-11-ge490571c62 (webtiles) character file.

Game seed: 412196791003093308

44 Arcadio the Trooper (level 3, -2/36 HPs)
             Began as a Troll Delver on Jan 27, 2024.
             Slain by Ijyb
             ... wielding a +8 club
              (12 damage)
             ... on level 5 of the Dungeon.
             The game lasted 00:00:34 (332 turns).

Arcadio the Trooper (Troll Delver)                   Turns: 332, Time: 00:00:35

Health: -2/36      AC:  4    Str: 22    XL:     3   Next: 39%
Magic:  2/2        EV: 10    Int:  6    God:
Gold:   0          SH:  0    Dex: 11    Spells: 2/2 levels left

rFire   . .          .
                       - Unarmed
rCold   . . .        (no shield)
rNeg    . . .        a - +0 robe
rPois   .            (helmet restricted)
rElec   .            (no cloak)
rCorr   .            (gloves unavailable)
SInv    .            (boots unavailable)
Will    .....        (no amulet)
Stlth   +            (no ring)
HPRegen 1.06/turn    (no ring)
MPRegen 0.08/turn

%: no passive effects
@: confused
A: large, unfitting armour, claws 3, regeneration 1, shaggy fur 1, tough skin 1
a: no special abilities


You were on level 5 of the Dungeon.
You visited 1 branch of the dungeon, and saw 1 of its levels.

Inventory:

Armour
 a - a +0 robe (worn)
Wands
 f - a wand of digging (3)
Scrolls
 b - 2 scrolls of fog
 c - a scroll of revelation
 d - a scroll of fear
 g - a scroll of poison {unknown}
Potions
 e - a potion of haste
 h - a potion of brilliance {unknown}
 i - 2 potions of berserk rage {unknown}


   Skills:
 + Level 2.9 Fighting
 + Level 2.2 Dodging
 - Level 2.7 Stealth
 + Level 2.7 Unarmed Combat


You had 2 spell levels left.
You didn't know any spells.
Your spell library was empty.

Dungeon Overview and Level Annotations

Branches:
Dungeon (5/15)
 Temple: D:4-7

Altars:
Ashenzari

Annotations:
D:5 Ijyb


Innate Abilities, Weirdness & Mutations

You are too large for most types of armour.
You have claws for hands.
Your natural rate of healing is unusually fast.
You are covered in fur. (AC +1)
You have tough skin. (AC +1)


Message History

You closely miss Ijyb.
Ijyb is moderately wounded.
Ijyb zaps a wand.
You resist with significant effort.
You closely miss Ijyb.
Ijyb is moderately wounded.
Ijyb hits you with a +8 club.
You scratch Ijyb.
Ijyb is heavily wounded.
Ijyb zaps a wand.
Your will is overpowered!
You are confused.
You closely miss Ijyb.
Ijyb is heavily wounded.
Ijyb screams, "It's all mine!"
Ijyb hits you with a +8 club.
You scratch Ijyb.
Ijyb is severely wounded.
Ijyb barely misses you. Ijyb hits you with a +8 club.
Ijyb hits you with a +8 club.
You scratch Ijyb.
Ijyb is severely wounded.
Ijyb zaps a wand.
Your will is overpowered!
You are more confused.
Ijyb hits you with a +8 club.
Ijyb zaps a wand.
Your will is overpowered!
You are more confused.
You barely miss Ijyb.
Ijyb is severely wounded.
Ijyb hits you with a +8 club!
* * * LOW HITPOINT WARNING * * *
You're too confused to move!
Ijyb zaps a wand.
Your will is overpowered!
You are more confused.
You barely miss Ijyb.
Ijyb is severely wounded.
Ijyb zaps a wand.
Your will is overpowered!
You are more confused.
You closely miss Ijyb.
Ijyb is heavily wounded.
Ijyb hits you with a +8 club!
You die...

..#
#.#.#########
..# #.#.........
..# #..........#
..#
#.######.....###
..#
#...............
..#
########...).###
#..<$........#
#.......g....#
......$.@....#
.............#
..........####
..........#
..........#
..........#
.##########


You could see Ijyb.

Vanquished Creatures
  A jelly (D:5)
  An adder (D:5)
  An orc (D:5)
  A quokka (D:5)
4 creatures vanquished.

Notes
Turn   | Place    | Note
-------+----------+-------------------------------------------
     0 | D:5      | Arcadio the Troll Delver began the quest for the Orb.
     0 | D:5      | Reached XP level 1. HP: 22/22 MP: 0/0
    89 | D:5      | Reached XP level 2. HP: 25/29 MP: 1/1
    98 | D:5      | Found a broken altar of Ashenzari.
   172 | D:5      | Reached XP level 3. HP: 29/36 MP: 2/2
   311 | D:5      | Noticed Ijyb
   332 | D:5      | Slain by Ijyb

Illustrated notes

Levels and vault maps discovered:
D:5:      layout_basic, nicolae_ashenzari_panopticon,
          chequers_serial_rivers_room_a, uniq_ijyb

Skill      XL: |  1  2 |
---------------+-------+-----
Dodging        | 2 |  2.2
Fighting       | |  2.9
Stealth        | |  2.7
Unarmed Combat | |  2.7

Action                     || total
---------------------------++-------
  Melee: Unarmed           ||    26
 Armour: Robe              ||    15
  Dodge: Dodged            ||     8
